 Dungeon Crawl Stone Soup version 0.28-a0-464-g0687ed57fd (webtiles) character file.

Game seed: 7606100709165586999

266 Ahmedlingzor the Vexing (level 6, -3/47 HPs)
             Began as a Gnoll Arcane Marksman on Sept 14, 2021.
             Slain by a gnoll (10 damage)
             ... on level 4 of the Dungeon.
             The game lasted 00:14:04 (3574 turns).

Ahmedlingzor the Vexing (Gnoll Arcane Marksman)     Turns: 3574, Time: 00:14:04

Health: -3/47      AC:  6    Str: 10    XL:     6   Next: 20%
Magic:  11/11      EV: 12    Int: 18    God:
Gold:   201        SH:  0    Dex: 14    Spells: 11/11 levels left

rFire   . . .      SeeInvis .   g - +2 spear (vorpal)
rCold   . . .      Faith    .   (no shield)
rNeg    . . .      Spirit   .   l - +1 ring mail {Will+}
rPois   .          Reflect  .   (no helmet)
rElec   .          Harm     .   (no cloak)
rCorr   .          Rampage  .   (no gloves)
Will    +....                   (no boots)
Stlth   +.........              (no amulet)
HPRegen 0.15/turn               v - +6 ring of intelligence
MPRegen 0.12/turn               (no ring)

@: no status effects
A: fangs 1, strong nose, distributed training
a: no special abilities


You were on level 4 of the Dungeon.
You visited 1 branch of the dungeon, and saw 4 of its levels.

You collected 201 gold pieces.

Inventory:

Hand Weapons
 a - a +0 shortbow
 b - a +0 dagger
 g - a +2 vorpal spear (weapon)
Missiles
 c - 96 arrows
 i - 15 bolts
 s - 4 boomerangs (quivered)
Armour
 d - a +0 robe
 e - a +0 leather armour
 l - a +1 ring mail of willpower (worn)
Jewellery
 v - a +6 ring of intelligence (left hand)
Scrolls
 f - a scroll of amnesia {unknown}
 j - 2 scrolls of identify
 k - a scroll of torment {unknown}
 o - a scroll of holy word {unknown}
 p - a scroll of fog {unknown}
 t - a scroll of immolation {unknown}
Potions
 h - a potion of haste {unknown}
 n - a potion of heal wounds {unknown}
 q - a potion of lignification {unknown}
 r - a potion of curing
 u - a potion of cancellation {unknown}


   Skills:
 + Level 3.2 Fighting
 + Level 1.8 Short Blades
 + Level 1.8 Long Blades
 + Level 1.8 Axes
 + Level 1.8 Maces & Flails
 + Level 1.8 Polearms
 + Level 1.8 Staves
 + Level 1.8 Slings
 + Level 4.9 Bows
 + Level 1.8 Crossbows
 + Level 1.8 Throwing
 + Level 1.8 Armour
 + Level 4.9 Dodging
 + Level 1.8 Stealth
 + Level 1.8 Shields
 + Level 1.8 Unarmed Combat
 + Level 3.3 Spellcasting
 + Level 1.4 Conjurations
 + Level 5.6 Hexes
 + Level 1.4 Summonings
 + Level 1.4 Necromancy
 + Level 1.4 Translocations
 + Level 1.4 Transmutations
 + Level 1.4 Fire Magic
 + Level 1.4 Ice Magic
 + Level 1.4 Air Magic
 + Level 1.4 Earth Magic
 + Level 1.4 Poison Magic
 + Level 2.0 Invocations
 + Level 1.8 Evocations


You had 11 spell levels left.
You didn't know any spells.
Your spell library contained the following spells:

 Spells                   Type           Power      Damage    Failure   Level
 Slow                     Hex            23%        N/A       6%          2
 Inner Flame              Hex/Fire       15%        N/A       28%         3
 Portal Projectile        Hex/Tloc       30%        N/A       28%         3
 Sublimation of Blood     Necr           4%         N/A       32%         2
 Wereblood                Tmut           8%         N/A       32%         2
 Cause Fear               Hex            11%        N/A       36%         4
 Summon Hydra             Summ           4%         N/A       100%        7


Dungeon Overview and Level Annotations

Branches:
Dungeon (4/15)
 Temple: D:4-7

Altars:
Elyvilon
Ru

Shops:
D:4 *


Innate Abilities, Weirdness & Mutations

You have very sharp teeth.
Your uncanny sense of smell can sniff out nearby items.
Your experience applies equally to all skills.


Message History

Reach: g) +2 spear (vorpal)
Press: ? - help, Dir - move target, f/p - gnoll
Aim: a gnoll, wielding a +0 halberd (about 32% to evade your +2 vorpal spear)
You reach to attack!
You hit the gnoll.
The gnoll is moderately wounded.
The gnoll hits you with a +0 flail. The gnoll barely misses you.
You hit the gnoll.
The gnoll is heavily wounded.
The gnoll hits you with a +0 flail!
The gnoll hits you from afar with a +0 halberd.
You hit the gnoll.
The gnoll is severely wounded.
The gnoll closely misses you.
The gnoll hits you from afar with a +0 halberd!
The gnoll barely misses you.
You are too injured to fight recklessly!
You are too injured to fight recklessly!
You hit the gnoll.
You kill the gnoll!
The gnoll closely misses you.
Reach: g) +2 spear (vorpal)
Press: ? - help, Dir - move target, f/p - gnoll
Aim: a gnoll, wielding a +0 halberd (moderately wounded, about 32% to evade your +2 vorpal spear)
You reach to attack!
You hit the gnoll.
The gnoll is severely wounded.
The gnoll hits you from afar with a +0 halberd.
Reach: g) +2 spear (vorpal)
Press: ? - help, Dir - move target, f/p - gnoll
Aim: a gnoll, wielding a +0 halberd (severely wounded, about 32% to evade your +2 vorpal spear)
You reach to attack!
You hit the gnoll.
The gnoll is almost dead.
The gnoll closely misses you. The gnoll hits you with a +0 halberd!
* * * LOW HITPOINT WARNING * * *
You see here a +0 flail.
You are too injured to fight recklessly!
You closely miss the gnoll.
The gnoll is almost dead.
The gnoll hits you with a +0 halberd!
You die...

# # ######## #......#
#......######### .......)........
∆ #......#)###### .
########)###########((.. .. #
#.##.....@g).(... .# #
###.##.#######..... .# #
#.........# #....∩##.# #
#.#.##.##.# #.# ##..#####
######.#.##.##.# #.# #...∆..#
#....#.#.......####.#####.####.#
#....#.#.....##.....##.......#.#
#....#.#.....##.....##.......#.#
.....#.#.....##.....##....)..#.##


You could see a gnoll.

Vanquished Creatures
  A bullfrog zombie (D:4)
  A jelly (D:4)
  A gnoll shaman (D:4)
  An iguana (D:4)
  7 gnolls (D:4)
  An adder (D:3)
  2 worms
  A dart slug (D:4)
  3 orcs
  3 bats
  An endoplasm (D:1)
  5 giant cockroaches
  7 goblins
  7 hobgoblins
  8 jackals
  6 ball pythons
  3 frilled lizards
  5 kobolds
  3 rats (D:1)
66 creatures vanquished.

Notes
Turn   | Place    | Note
-------+----------+-------------------------------------------
     0 | D:1      | Ahmedlingzor the Gnoll Arcane Marksman began the quest for
                  | the Orb.
     0 | D:1      | Reached XP level 1. HP: 17/17 MP: 4/4
    77 | D:1      | Found a faded altar of an unknown god.
   102 | D:1      | Reached XP level 2. HP: 23/23 MP: 5/5
   745 | D:1      | Reached XP level 3. HP: 26/28 MP: 7/7
  1438 | D:2      | Reached skill level 1 in Invocations
  1914 | D:3      | Reached skill level 1 in Short Blades
  1914 | D:3      | Reached skill level 1 in Long Blades
  1914 | D:3      | Reached skill level 1 in Axes
  1914 | D:3      | Reached skill level 1 in Maces & Flails
  1914 | D:3      | Reached skill level 1 in Polearms
  1914 | D:3      | Reached skill level 1 in Staves
  1914 | D:3      | Reached skill level 1 in Slings
  1914 | D:3      | Reached skill level 1 in Crossbows
  1914 | D:3      | Reached skill level 1 in Throwing
  1914 | D:3      | Reached skill level 1 in Armour
  1914 | D:3      | Reached skill level 1 in Stealth
  1914 | D:3      | Reached skill level 1 in Shields
  1914 | D:3      | Reached skill level 1 in Unarmed Combat
  1914 | D:3      | Reached skill level 1 in Evocations
  2002 | D:3      | Reached XP level 4. HP: 34/34 MP: 8/8
  2785 | D:4      | Found a sacrificial altar of Ru.
  2884 | D:4      | Found a white marble altar of Elyvilon.
  2949 | D:4      | Reached skill level 1 in Conjurations
  2949 | D:4      | Reached skill level 1 in Summonings
  2949 | D:4      | Reached skill level 1 in Necromancy
  2949 | D:4      | Reached skill level 1 in Translocations
  2949 | D:4      | Reached skill level 1 in Transmutations
  2949 | D:4      | Reached skill level 1 in Fire Magic
  2949 | D:4      | Reached skill level 1 in Ice Magic
  2949 | D:4      | Reached skill level 1 in Air Magic
  2949 | D:4      | Reached skill level 1 in Earth Magic
  2949 | D:4      | Reached skill level 1 in Poison Magic
  3049 | D:4      | Found Anuprieq's General Store.
  3087 | D:4      | Reached XP level 5. HP: 21/40 MP: 9/9
  3511 | D:4      | Reached XP level 6. HP: 47/47 MP: 9/11
  3574 | D:4      | Slain by a gnoll

Illustrated notes

Levels and vault maps discovered:
D:1:      minmay_arrival_floating_metal, layout_rooms, basic_ecumenical_altar
D:2:      layout_basic, fountainhead
D:3:      layout_loops_ring
D:4:      layout_basic, nicolae_overflow_crystal_walls, lemuel_doored_altar,
          serial_shops, kennysheep_mini, nicolae_take_the_stairs,
          nicolae_inconvenience_store, shop, kennysheep_little_box,
          abandoned_shop, minmay_a_box_with_orc_wizards_in_it

Skill      XL: |  1  2  3  4  5 |
---------------+----------------+-----
Invocations    | 1 2 |  2.0
Short Blades   | 1 |  1.8
Long Blades    | 1 |  1.8
Axes           | 1 |  1.8
Maces & Flails | 1 |  1.8
Polearms       | 1 |  1.8
Staves         | 1 |  1.8
Slings         | 1 |  1.8
Crossbows      | 1 |  1.8
Throwing       | 1 |  1.8
Armour         | 1 |  1.8
Stealth        | 1 |  1.8
Shields        | 1 |  1.8
Unarmed Combat | 1 |  1.8
Evocations     | 1 |  1.8
Spellcasting   | 3 |  3.3
Conjurations   | 1 |  1.4
Summonings     | 1 |  1.4
Necromancy     | 1 |  1.4
Translocations | 1 |  1.4
Transmutations | 1 |  1.4
Fire Magic     | 1 |  1.4
Ice Magic      | 1 |  1.4
Air Magic      | 1 |  1.4
Earth Magic    | 1 |  1.4
Poison Magic   | 1 |  1.4
Fighting       | 3 |  3.2
Bows           | |  4.9
Dodging        | |  4.9
Hexes          | |  5.6

Action                   |  1- 3 |  4- 6 || total
-------------------------+-------+-------++-------
Melee: Spear             |    84 |    40 ||   124
       Bite              |     5 |     1 ||     6
 Fire: Shortbow          |    39 |    83 ||   122
Throw: Throwing net      |       |     1 ||     1
  Use: Scroll            |       |     1 ||     1
       Potion            |       |     1 ||     1
 Stab: Sleeping          |     2 |       ||     2
Armor: Leather armour    |     7 |       ||     7
       Ring mail         |     4 |    11 ||    15
Dodge: Dodged            |    58 |    41 ||    99

Table legend: (Time is in decaauts)
 A = Elapsed time spent in this place.
 B = Non-inter-level travel time spent in this place.
 C = Inter-level travel time spent in this place.
 D = Time resting spent in this place.
 E = Time spent auto-exploring this place.
 F = Levels seen in this place.
 G = Mean time per level.
                   A        B        C        D        E       F      G
               +--------+--------+--------+--------+--------+-----+--------+
         Total |   3614 |   3324 |    290 |      0 |   2780 |   4 |  903.5 |
       Dungeon |   3614 |   3324 |    290 |      0 |   2780 |   4 |  903.5 |
               +--------+--------+--------+--------+--------+-----+--------+

Top non-repeatable levels by time:
     D:1: 1029 daAuts
     D:4: 915 daAuts
     D:3: 838 daAuts
     D:2: 831 daAuts
